 Dungeon Crawl Stone Soup version 0.31-a0-920-g28cbb04a8c (webtiles) character file.

Game seed: 11951989583330059389

623 Fodor the Covered (level 7, -1/47 (61) HPs)
             Began as a Minotaur Fighter on Oct 17, 2023.
             Was an Initiate of Gozag.
             Slain by a quokka (4 damage)
             ... on level 5 of the Dungeon.
             The game lasted 00:16:40 (3547 turns).

Fodor the Covered (Minotaur Fighter)                Turns: 3547, Time: 00:16:40

HP:   -1/47 (61)    AC:  9    Str: 22    XL:     7   Next: 22%
MP:   6/6           EV: 10    Int:  5    God:    Gozag
Gold: 155           SH:  0    Dex: 10    Spells: 6/6 levels left

rFire   . . .        r - +0 flail
rCold   . . .        c - +0 buckler
rNeg    . . .        b - +0 scale mail
rPois   +            p - +2 hat {SInv}
rElec   .            (no cloak)
rCorr   .            (no gloves)
SInv    +            (no boots)
Will    .....        j - amulet of regeneration Stlth
                     k - ring of poison resistance
HPRegen 1.07/turn    (no ring)
MPRegen 0.10/turn

%: no passive effects
@: confused, mighty, gold aura, attractive, hasted, heavily drained, very quick
A: horns 2, retaliatory headbutt
a: Renounce Religion, Potion Petition, Call Merchant, Bribe Branch


You were on level 5 of the Dungeon.
You worshipped Gozag.
Gozag was aware of your devotion.
You visited 1 branch of the dungeon, and saw 5 of its levels.

You collected 197 gold pieces.
You paid 42 gold pieces to Gozag.

Inventory:

Hand Weapons
 r - a +0 flail (weapon)
 w - a +0 arbalest
Missiles
 l - 16 poisoned darts (quivered)
Armour
 b - a +0 scale mail (worn)
 c - a +0 buckler (worn)
 p - a +2 hat of see invisible (worn)
Jewellery
 j - an amulet of regeneration (around neck)
 k - a ring of poison resistance (left hand)
 q - an amulet of guardian spirit
Talismans
 s - a serpent talisman
Scrolls
 e - 4 scrolls of identify {unknown}
 f - 3 scrolls of fear {unknown}
 g - a scroll of enchant armour {unknown}
 m - a scroll of amnesia {unknown}
 n - 2 scrolls of teleportation {unknown}
 o - 3 scrolls of immolation {unknown}
 x - a scroll of fog {unknown}
Potions
 d - a potion of might
 i - a potion of cancellation {unknown}
 t - a potion of curing {unknown}
 u - a potion of attraction
 v - a potion of berserk rage {unknown}
 z - a potion of magic


   Skills:
 + Level 5.5 Fighting
 + Level 5.0 Long Blades
 + Level 2.5 Maces & Flails
 + Level 0.3 Throwing
 + Level 5.7 Armour
 + Level 2.5 Dodging
 + Level 0.1 Stealth
 + Level 4.9 Shields


You had 6 spell levels left.
You didn't know any spells.
Your spell library was empty.

Dungeon Overview and Level Annotations

Branches:
Dungeon (5/15)
 Temple: D:4-7

Altars:
Gozag
Sif Muna
Uskayaw

Annotations:
D:4 3 runed translucent doors, Morowski's ghost, amateur SpCj


Innate Abilities, Weirdness & Mutations

You have a pair of horns on your head.
You reflexively headbutt those who attack you in melee.


Message History

The quokka barely misses you. The adder bites you but does no damage.
The orc wizard hits you but does no damage.
The orc wizard points at you and mumbles some strange words.
The magic dart hits you.
* * * LOW HITPOINT WARNING * * *
The scorpion barely misses you. The adder completely misses you.
Okay, then.
It was a potion of attraction.
You feel attractive to monsters. The adder barely misses you.
The quokka closely misses you.
The orc wizard hits you but does no damage.
The adder bites you but does no damage.
You closely miss the adder.
The shadow imp is no longer distracted by gold.
The water moccasin is no longer distracted by gold.
The scorpion completely misses you.
The orc wizard hits you but does no damage.
You feel drained. The adder bites you but does no damage.
The quokka bites you but does no damage.
The adder bites you.
* * * LOW HITPOINT WARNING * * *
The orc wizard hits you with a +0 dagger.
* * * LOW HITPOINT WARNING * * *
The shadow imp hits you.
* * * LOW HITPOINT WARNING * * *
The scorpion barely misses you.
A shadow imp comes into view.
The shadow imp is attracted toward you.
You sock the orc wizard!
You kill the orc wizard!
The adder bites you but does no damage. The quokka barely misses you.
The adder barely misses you.
The scorpion stings you but does no damage.
The orc wizard hits you but does no damage.
The adder misses you. The shadow imp completely misses you.
You miss the adder.
The hound is no longer distracted by gold.
The quokka bites you.
You die...
Your body crumbles into a pile of gold.

....##
#####.....##
#......>..?#
#..........#
#..........#
#..........#
####..........#
#.....S5o....#
..###rS@oo...###.
#..rhso.......
#...5S.5.....#
#...).<....#.#
#............#
#........#.ยง..
.............##
#.........###.#.
........#.#?S...


You could see a water moccasin, a scorpion, a hound, an orc wizard (invisible),
2 adders, 2 shadow imps, an ufetubus, 3 orcs and 2 quokkas.

Vanquished Creatures
  Sigmund (D:3)
  An ogre (D:4)
  A centaur (D:5)
  A howler monkey (D:4)
  2 orc priests
  2 orc wizards
  4 adders (D:4)
  An ufetubus (D:5)
  3 worms
  2 dart slugs
  7 orcs
  6 endoplasms
  4 giant cockroaches
  10 goblins
  6 hobgoblins
  9 jackals
  8 kobolds
  12 quokkas
  12 ball pythons
  7 bats
  2 frilled lizards
  3 rats
104 creatures vanquished.

Notes
Turn   | Place    | Note
-------+----------+-------------------------------------------
     0 | D:1      | Fodor the Minotaur Fighter began the quest for the Orb.
     0 | D:1      | Reached XP level 1. HP: 19/19 MP: 0/0
   110 | D:1      | Reached XP level 2. HP: 27/27 MP: 1/1
   374 | D:1      | Found a faded altar of an unknown god.
   872 | D:1      | Reached XP level 3. HP: 31/34 MP: 2/2
  1413 | D:2      | Reached skill level 1 in Dodging
  1793 | D:2      | Reached XP level 4. HP: 39/41 MP: 3/3
  2025 | D:3      | Noticed Sigmund
  2055 | D:3      | Killed Sigmund
  2056 | D:3      | Reached skill level 5 in Fighting
  2056 | D:3      | Reached skill level 5 in Armour
  2056 | D:3      | Reached XP level 5. HP: 39/48 MP: 4/4
  2088 | D:3      | Reached XP level 6. HP: 54/56 MP: 5/5
  2803 | D:4      | Reached skill level 1 in Maces & Flails
  2993 | D:4      | Reached skill level 5 in Long Blades
  3209 | D:4      | Found a hide-covered altar of Uskayaw.
  3212 | D:4      | Found a shimmering blue altar of Sif Muna.
  3214 | D:4      | Found an opulent altar of Gozag.
  3227 | D:4      | Became a worshipper of Gozag Ym Sagoz the Greedy
  3318 | D:4      | Noticed Morowski's ghost (amateur SpCj)
  3363 | D:4      | Reached XP level 7. HP: 38/54 MP: 6/6
  3431 | D:4      | Found a runed translucent gate.
  3432 | D:4      | Found a runed translucent gate.
  3433 | D:4      | Found a runed translucent gate.
  3519 | D:5      | Entered Level 5 of the Dungeon
  3545 | D:5      | HP: 1/46 [shadow imp (3)]
  3547 | D:5      | Slain by a quokka

Illustrated notes

Levels and vault maps discovered:
D:1:      lemuel_arrival_tunnels, layout_loops_corners,
          dreamdust_ecumenical_altar_hidden_monk_grotto
D:2:      layout_basic, st_stairs_4, grunt_ministairs_3,
          kennysheep_cluttered_room
D:3:      layout_basic, uniq_sigmund
D:4:      layout_gridville, grunt_temple_overflow_open, gammafunk_ghost_split
D:5:      layout_rooms, grunt_temple_overflow_holy_war, serial_shops,
          nicolae_shop_hallway_stairs, minmay_fractal_squares_5

Skill      XL: |  1  2  3  4  5  6  7 |
---------------+----------------------+-----
Fighting       | 4 5 |  5.5
Armour         | 4 5 |  5.7
Shields        | 4 |  4.9
Dodging        | 1 2 |  2.5
Long Blades    | 4 5 |  5.0
Maces & Flails | 1 2 |  2.5
Throwing       | |  0.3
Stealth        | |  0.1

Action                     |  1- 3 |  4- 6 |  7- 9 || total
---------------------------+-------+-------+-------++-------
  Melee: Long sword        |   113 |    41 |       ||   154
         Headbutt          |    25 |    13 |       ||    38
         Flail             |       |    65 |    18 ||    83
  Throw: Dart              |       |     6 |       ||     6
    Use: Potion            |       |       |     5 ||     5
 Armour: Scale mail        |    95 |   122 |   128 ||   345
  Dodge: Dodged            |    62 |    94 |    79 ||   235
  Block: Buckler           |    24 |    42 |       ||    66

Table legend: (Time is in decaauts)
 A = Elapsed time spent in this place.
 B = Non-inter-level travel time spent in this place.
 C = Inter-level travel time spent in this place.
 D = Time resting spent in this place.
 E = Time spent auto-exploring this place.
 F = Levels seen in this place.
 G = Mean time per level.
                   A        B        C        D        E       F      G
               +--------+--------+--------+--------+--------+-----+--------+
         Total |   3630 |   3531 |     99 |    503 |      0 |   5 |  726.0 |
       Dungeon |   3630 |   3531 |     99 |    503 |      0 |   5 |  726.0 |
               +--------+--------+--------+--------+--------+-----+--------+

Top non-repeatable levels by time:
     D:1: 1101 daAuts
     D:3: 875 daAuts
     D:4: 866 daAuts
     D:2: 754 daAuts
     D:5: 31 daAuts
